 Dungeon Crawl Stone Soup version 0.28.0 (webtiles) character file.

Game seed: 3042529265261766251

1147 croobank the Changer (level 8, -4/67 HPs)
             Began as a Red Draconian Transmuter on Feb 15, 2022.
             Slain by a black bear (5 damage)
             ... on level 5 of the Dungeon.
             The game lasted 00:14:06 (5159 turns).

croobank the Changer (Red Draconian Transmuter)     Turns: 5159, Time: 00:14:07

Health: -4/67      AC: 15    Str: 13    XL:     8   Next: 15%
Magic:  14/14      EV: 13    Int: 15    God:
Gold:   163        SH:  0    Dex: 12    Spells: 8/15 levels left

rFire   + . .      SeeInvis .   a - +2 morningstar (protect)
rCold   . . .      Faith    .   (no shield)
rNeg    . . .      Spirit   .   (armour unavailable)
rPois   .          Reflect  .   (helmet restricted)
rElec   .          Harm     .   j - +1 cloak
rCorr   .          Rampage  .   (no gloves)
Will    .....                   (no boots)
Stlth   +.........              (no amulet)
HPRegen 0.21/turn               (no ring)
MPRegen 0.14/turn               (no ring)

@: short of breath, under a protective aura
A: breathe fire, AC +6, unfitting armour, fire resistance 1, cold-blooded
a: Breathe Fire


You were on level 5 of the Dungeon.
You visited 1 branch of the dungeon, and saw 5 of its levels.

You collected 163 gold pieces.

Inventory:

Hand Weapons
 a - a +2 morningstar of protection (weapon)
 b - a +0 shortbow
 m - a +0 hand axe
 w - a +2 rapier of speed
Missiles
 c - 7 boomerangs (quivered)
 d - 72 arrows
 f - 36 sling bullets
 g - 76 stones
Armour
 j - a +1 cloak (worn)
Jewellery
 i - a ring of protection from fire
 p - a ring of fire
Wands
 u - a wand of flame (18)
Scrolls
 e - 4 scrolls of identify
 k - a scroll of acquirement {unknown}
 o - a scroll of fear {unknown}
 s - a scroll of fog {unknown}
 x - a scroll of blinking {unknown}
Potions
 h - 2 potions of cancellation {unknown}
 l - a potion of might {unknown}
 n - a potion of brilliance
 q - 3 potions of heal wounds
 r - a potion of magic {unknown}
 t - 2 potions of curing
 v - a potion of mutation {unknown}


   Skills:
 + Level 4.4 Fighting
 + Level 2.7 Maces & Flails
 + Level 4.0 Dodging
 - Level 4.1 Unarmed Combat
 + Level 4.2 Spellcasting
 + Level 4.4 Transmutations
 + Level 3.3 Fire Magic


You had 8 spell levels left.
You knew the following spells:

 Your Spells              Type           Power      Damage    Failure   Level
a - Beastly Appendage     Tmut           32%        N/A       2%          1
b - Wereblood             Tmut           16%        N/A       4%          2
c - Spider Form           Tmut/Pois      9%         N/A       22%         3
d - Foxfire               Conj/Fire      32%        2x1d5     9%          1

Your spell library contained the following spells:

 Spells                   Type           Power      Damage    Failure   Level
 Conjure Flame            Conj/Fire      8%         6-21      26%         3
 Inner Flame              Hex/Fire       8%         N/A       26%         3
 Ice Form                 Ice/Tmut       9%         N/A       56%         4
 Flame Wave               Conj/Fire      8%         2d5       65%         4
 Alistair's Intoxication  Tmut/Pois      6%         N/A       89%         5
 Borgnjor's Vile Clutch   Necr/Erth      1%         N/A       99%         5
 Summon Forest            Summ/Tloc      1%         N/A       99%         5
 Summon Mana Viper        Hex/Summ       3%         N/A       99%         5
 Eringya's Noxious Bog    Tmut/Pois      4%         N/A       100%        6
 Summon Cactus Giant      Summ           1%         N/A       100%        6


Dungeon Overview and Level Annotations

Branches:
Dungeon (5/15)
 Temple: D:4-7

Altars:
Wu Jian


Innate Abilities, Weirdness & Mutations

You can breathe blasts of fire.
Your fiery red scales are hard. (AC +6)
You cannot fit into any form of body armour.
Your flesh is heat resistant. (rF+)
You are cold-blooded and may be slowed by cold attacks.


Message History

The black bear rages.
Fire: 73 arrows
Press: ? - help, Q - select action, (/) - cycle Shift-Dir - straight line, f/p - black bear
Aim: a black bear (almost dead, berserk, 67% to hit)
You shoot an arrow.
The arrow closely misses the black bear.
The black bear bites you! The black bear misses you. The black bear claws you.
The black bear bites you but does no damage.
The black bear closely misses you. x2
Your +2 morningstar of protection hums with potential!
a - a +2 morningstar of protection (weapon)
You closely miss the black bear.
The black bear is severely wounded.
The black bear bites you. The black bear closely misses you.
The black bear claws you but does no damage.
The black bear bites you!
The black bear claws you but does no damage.
The black bear barely misses you.
You barely miss the black bear.
The black bear is severely wounded.
The black bear bites you! The black bear barely misses you.
The black bear misses you. The black bear bites you!
The black bear claws you but does no damage.
The black bear barely misses you. The black bear bites you!
* * * LOW HITPOINT WARNING * * *
The black bear claws you but does no damage.
The black bear barely misses you.
You hit the black bear.
Your weapon exudes an aura of protection.
You tail-slap the black bear, but do no damage.
The black bear is severely wounded.
The black bear bites you.
* * * LOW HITPOINT WARNING * * *
The black bear claws you.
* * * LOW HITPOINT WARNING * * *
The black bear claws you but does no damage.
The black bear bites you!
* * * LOW HITPOINT WARNING * * *
The black bear claws you.
You die...

###.####..# ..# #
.####.####..#....#
............'....#
............#....#
...##...#####....#
##...#........#
#....'........#
######........#
#......@......#
........h...>..#
...............#
...............#
..######(####### .
..# ##### ..#
..... .(# .....
.....


You could see a black bear (berserk).

Vanquished Creatures
  Grinder (D:3)
  Prince Ribbit (D:5)
  Eustachio (D:5)
  Duvessa (D:5)
  An ice beast (D:5)
  A black bear (D:5)
  A centaur (D:5)
  Dowan (D:5)
  A hound (D:4)
  A bullfrog skeleton (D:5)
  An orc wizard (D:4)
  4 gnolls (D:4)
  4 adders
  A shadow imp (D:3)
  A dart slug (D:3)
  6 orcs (D:4)
  8 bats
  6 endoplasms
  A giant cockroach (D:2)
  5 goblins
  2 hobgoblins
  4 kobolds
  2 quokkas
  6 ball pythons
  A frilled lizard (D:1)
  3 rats (D:1)
65 creatures vanquished.

Vanquished Creatures (others)
  18 foxfires
18 creatures vanquished.

Grand Total: 83 creatures vanquished

Notes
Turn   | Place    | Note
-------+----------+-------------------------------------------
     0 | D:1      | croobank the Draconian Transmuter began the quest for the
                  | Orb.
     0 | D:1      | Reached XP level 1. HP: 16/16 MP: 3/3
   525 | D:1      | Reached XP level 2. HP: 23/23 MP: 3/5
   601 | D:1      | Found a faded altar of an unknown god.
  1767 | D:2      | Reached XP level 3. HP: 27/29 MP: 4/6
  1770 | D:2      | Learned a level 2 spell: Wereblood
  1774 | D:2      | Learned a level 3 spell: Spider Form
  1994 | D:3      | You fall into a shaft and drop 1 floor!
  2086 | D:4      | Reached XP level 4. HP: 17/36 MP: 3/7
  2647 | D:3      | Noticed Grinder
  2684 | D:3      | Paralysed by Grinder for 2 turns
  2695 | D:3      | Killed Grinder
  2696 | D:3      | Reached XP level 5. HP: 12/45 MP: 9/9
  2696 | D:3      | Reached XP level 6. HP: 13/51 MP: 10/10
  2926 | D:3      | Learned a level 1 spell: Foxfire
  4081 | D:5      | Entered Level 5 of the Dungeon
  4135 | D:5      | Reached skill level 1 in Maces & Flails
  4135 | D:5      | Reached skill level 1 in Fire Magic
  4303 | D:5      | Your scales start taking on a fiery red colour.
  4303 | D:5      | Reached XP level 7. HP: 37/57 MP: 12/12
  4303 | D:5      | Gained mutation: Your flesh is heat resistant. (rF+) [Red
                  | Draconian growth]
  4405 | D:5      | Noticed Prince Ribbit
  4413 | D:5      | Killed Prince Ribbit
  4556 | D:5      | Noticed Dowan
  4572 | D:5      | Noticed Eustachio
  4590 | D:5      | Killed Eustachio
  4591 | D:5      | Reached XP level 8. HP: 57/66 MP: 12/14
  4641 | D:5      | Noticed Duvessa
  4654 | D:5      | Killed Duvessa
  4663 | D:5      | Killed Dowan
  4908 | D:5      | Found an ornate altar of the Wu Jian Council.
  5159 | D:5      | HP: 1/67 [black bear (10)]
  5159 | D:5      | Slain by a black bear

Illustrated notes

Levels and vault maps discovered:
D:1:      minmay_arrival_pointy, layout_basic, shapermc_ecumenical_altar_venn
D:2:      layout_basic
D:3:      layout_loops_ring, uniq_grinder
D:4:      layout_loops_ring, kennysheep_cross_room
D:5:      layout_gridville, kennysheep_little_box, uniq_eustachio, uniq_duvessa,
          uniq_prince_ribbit1

Skill      XL: |  1  2  3  4  5  6  7  8 |
---------------+-------------------------+-----
Dodging        | 2 3 4 |  4.0
Fighting       | 2 3 4 |  4.4
Unarmed Combat | 4 |  4.1
Spellcasting   | 3 4 |  4.2
Transmutations | 3 4 |  4.4
Maces & Flails | 1 2 |  2.7
Fire Magic     | 1 3 |  3.3

Action                   |  1- 3 |  4- 6 |  7- 9 || total
-------------------------+-------+-------+-------++-------
Melee: Hand axe          |    66 |    71 |       ||   137
       Tailslap          |     9 |    14 |     2 ||    25
       Kick              |     8 |    10 |       ||    18
       Unarmed           |    10 |       |       ||    10
       Headbutt          |     9 |     5 |       ||    14
       Punch             |       |     2 |     1 ||     3
       Morningstar       |       |    54 |    18 ||    72
 Fire: Shortbow          |       |       |     9 ||     9
Throw: Boomerang         |     2 |     9 |       ||    11
 Cast: Beastly Appendage |    18 |    13 |       ||    31
       Spider Form       |     1 |       |       ||     1
       Wereblood         |       |     2 |       ||     2
       Foxfire           |       |     8 |     4 ||    12
 Abil: Breathe Fire      |       |       |     5 ||     5
  Use: Potion            |       |     3 |       ||     3
       Scroll            |       |     1 |       ||     1
 Stab: Sleeping          |     2 |     1 |       ||     3
Armor: Skin              |    29 |    78 |    23 ||   130
Dodge: Dodged            |    84 |   112 |    33 ||   229
